cohdb
Replays
Latest Replays
All Replays
Popular Replays
Top Player Replays
Match Explorer
How It Works
Community
CoH3 Stats
Reddit
Sign in to upload your games and track your stats! →
Sign in with Steam
Match 47235967
Unlisted
Match 47235967
Overview
Messages
Build Orders
End
Construct Infanterie Kompanie
Kettenkrad Recon Vehicle
MG 42 Machine Gun Team
MG 42 Machine Gun Team
Grenadier Squad
Construct Luftwaffe Kompanie
Jäger Squad
Selects Mechanized Battlegroup
Selects Mobile Repair Stations
221 Scout Car
Jäger Squad
Support Elements
MG 42 Bunker
Selects Wespe Self-propelled Artillery
Wespe Self-propelled Artillery
Marder III M Tank Destroyer
Medical Station
Marder III M Tank Destroyer
Selects Raid Package
Luftwaffe Officer Quarters
Construct Panzer Kompanie
Shooty1819
Tyracek
eternalmustard
JollyRedRockett
Oncle-Hô
NZT-48-
0
0
Comments
sign in to comment!
No comments posted yet!